 Dungeon Crawl Stone Soup version 0.31-a0-237-g2d982f9f85 (webtiles) character file.

Game seed: 7935675147309833662

33 qw the Shooter (level 3, -2/21 HPs)
             Began as a Gargoyle Hexslinger on July 11, 2023.
             Slain by Sigmund
             ... wielding a +0 scythe
              (5 damage)
             ... on level 2 of the Dungeon.
             The game lasted 00:00:17 (580 turns).

qw the Shooter (Gargoyle Hexslinger)                 Turns: 580, Time: 00:00:17

Health: -2/21      AC:  5    Str: 11    XL:     3   Next: 29%
Magic:  4/4        EV: 12    Int: 13    God:
Gold:   76         SH:  0    Dex: 14    Spells: 3/4 levels left

rFire   . . .        Y - +1 sling
rCold   . . .        (no shield)
rNeg    + . .        c - +0 robe
rPois   inf          (no helmet)
rElec   +            (no cloak)
rCorr   .            (no gloves)
SInv    .            (no boots)
Will    .....        (no amulet)
Stlth   +            (no ring)
HPRegen 0.23/turn    (no ring)
MPRegen 0.09/turn

%: no passive effects
@: no status effects
A: sickness immunity, AC +3, negative energy resistance 1, electricity
resistance, torment resistance 1, petrification resistance
a: no special abilities


You were on level 2 of the Dungeon.
You visited 1 branch of the dungeon, and saw 2 of its levels.

You collected 76 gold pieces.


Innate Abilities, Weirdness & Mutations

You are immune to sickness and miasma.
Your stone body is resilient. (AC +3)
You are immune to poison.
You resist negative energy. (rN+)
You are resistant to electric shocks. (rElec)
You are resistant to unholy torment.
You are immune to petrification.


   Skills:
 - Level 2.0 Fighting
 + Level 3.2 Ranged Weapons
 - Level 1.5 Dodging
 - Level 1.0 Spellcasting
 - Level 2.6 Hexes


You had 3 spell levels left.
You knew the following spells:

 Your Spells              Type           Power      Damage    Failure   Level
a - Slow                  Hex            28%        N/A       10%         1

Your spell library contained the following spells:

 Spells                   Type           Power      Damage    Failure   Level
 Inner Flame              Hex/Fire       4%         N/A       43%         3
 Portal Projectile        Hex/Tloc       8%         N/A       43%         3
 Cause Fear               Hex            3%         N/A       67%         4

Inventory:

Hand Weapons
 Y - a +1 sling (weapon)
Armour
 c - a +0 robe (worn)
Potions
 f - a potion of mutation {unknown}

Dungeon Overview and Level Annotations

Branches:
Dungeon (2/15)

Altars:

Annotations:
D:2 Sigmund


Message History

Sigmund shouts!
Sigmund is moderately wounded.
You shoot a sling bullet. The adder hisses angrily.
The sling bullet hits Sigmund but does no damage.
Sigmund is moderately wounded.
You shoot a sling bullet. The sling bullet hits the adder!
The adder is severely wounded.
Sigmund gestures wildly while chanting.
Sigmund flickers and vanishes!
Deactivating autopickup; reactivate with Ctrl-A.
You shoot a sling bullet.
The sling bullet closely misses the adder.
You shoot a sling bullet.
The sling bullet hits the adder but does no damage.
The adder is severely wounded.
The adder closely misses you.
Something tries to affect you, but you resist.
The adder bites you but does no damage.
You shoot a sling bullet. The sling bullet hits the adder.
The adder is severely wounded.
The adder bites you but does no damage.
You shoot a sling bullet. The sling bullet hits the adder.
You kill the adder!
Something hits you!
You shoot a sling bullet. You shoot a sling bullet. Something hits you.
You shoot a sling bullet. Something barely misses you.
You shoot a sling bullet. Something hits you but does no damage.
You shoot a sling bullet. Something hits you!
You shoot a sling bullet.
You hear some strange, mumbled words.
Something tries to affect you, but you resist.
You shoot a sling bullet. Something hits you.
You die...

#.....# #...#.# .
###..%..# ..
##.....#.# ...
#....#.#.### ...$
#.#.##...%.###
#...#.#.####.....# ..
#.{...# ##.##.###.#
###%@.#####.##.<...##
#..................
#..#####...#######.
..[# #.....# #..##
#.#<#... ...
#..#.###.. #...
#.##.# #.# #... ..
#.. ... .(. ..# ##


There were no monsters in sight!

Vanquished Creatures
  An adder (D:2)
  2 endoplasms (D:1)
  A giant cockroach (D:1)
  2 goblins (D:1)
  4 hobgoblins (D:1)
  3 quokkas
  4 ball pythons (D:1)
  A frilled lizard (D:1)
  2 kobolds (D:1)
  3 rats
23 creatures vanquished.

Notes
Turn   | Place    | Note
-------+----------+-------------------------------------------
     0 | D:1      | qw the Gargoyle Hexslinger began the quest for the Orb.
     0 | D:1      | Reached XP level 1. HP: 12/12 MP: 2/2
     0 | D:1      | 0 ||| qw: Version: 0.3-a-52-g30416fa
     0 | D:1      | 0 ||| qw: Game counter: 5438
     0 | D:1      | 0 ||| qw: Melee chars always use a shield: true
     0 | D:1      | 0 ||| qw: God list: Okawaru
     0 | D:1      | 0 ||| qw: Allow faded altars: false
     0 | D:1      | 0 ||| qw: Do Orc after clearing Dungeon:15 true
     0 | D:1      | 0 ||| qw: Do second Lair branch before Depths: true
     0 | D:1      | 0 ||| qw: Lair rune preference: random
     0 | D:1      | 0 ||| qw: Goals: Normal
     0 | D:1      | 0 ||| PLANNING D:1-11
   155 | D:1      | Reached XP level 2. HP: 16/16 MP: 3/3
   276 | D:1      | Reached skill level 3 in Ranged Weapons
   510 | D:1      | 510 ||| READING scroll labelled JAYNEO QOEPEID.
   511 | D:1      | 511 ||| READING scroll labelled CIARIE WOHU.
   512 | D:1      | 512 ||| DROPPING scroll of poison.
   559 | D:2      | Reached XP level 3. HP: 21/21 MP: 4/4
   566 | D:2      | Noticed Sigmund
   578 | D:2      | HP: 2/21 [something (9)]
   580 | D:2      | Slain by Sigmund

Levels and vault maps discovered:
D:1:      amcnicky_arrival_single_pillar, layout_rooms, minivault_4
D:2:      layout_rooms, ebering_ecumenical_altar_abandoned, grunt_ministairs_7,
          chequers_serial_rivers_room_b, uniq_sigmund

Skill      XL: |  1  2 |
---------------+-------+-----
Ranged Weapons | 3 |  3.2
Fighting       | 2 |  2.0
Dodging        | |  1.5
Spellcasting   | |  1.0
Hexes          | |  2.6

Action                     || total
---------------------------++-------
   Fire: Sling             ||    80
    Use: Scroll            ||     2
 Armour: Robe              ||     4
  Dodge: Dodged            ||    18

Table legend:
 A = Non-vault XP
 B = Vault XP
 C = Vault XP percentage of total XP
 D = Non-vault monster count
 E = Vault monster count
 F = Vault count percentage of total count
                 A         B        C        D         E       F
            +---------+---------+-------+---------+---------+-------
      Total |      48 |       0 |   0.0 |      23 |       0 |   0.0
            +---------+---------+-------+---------+---------+-------
        D:1 |      32 |       0 |   0.0 |      20 |       0 |   0.0
        D:2 |      16 |       0 |   0.0 |       3 |       0 |   0.0
            +---------+---------+-------+---------+---------+-------
